3AA
RICHLAND RAILS @ SQUIRREL HILL PIEROGIS
08/19/2042
 
TOP OF THE 1ST
Richland Rails batting - Pitching for Squirrel Hill Pierogis : RHP Rusty Davis
Pitching: RHP Rusty Davis
Batting: RHB Greg Ge 0-0: Fly out, F5 (Popup, 56S, EV 83.8 MPH)
Batting: LHB Doyle Berkey 0-0: Ball
1-0: Ball
2-0: Called Strike
2-1: Ball
3-1: Called Strike
3-2: Foul Ball, location: 2F
3-2: Foul Ball, location: 2F
3-2: DOUBLE (Line Drive, 9LM, EV 108.8 MPH)
Batting: RHB Kazuki Takahashi 0-0: Ball
1-0: Fly out, F7 (Flyball, 78S, EV 86.9 MPH)
Batting: LHB Ricardo Águila 0-0: Ball
1-0: Ball
2-0: SINGLE (Line Drive, 78S, EV 105.0 MPH)
Doyle Berkey to third
Runner from 3rd tries for Home, SAFE, throw by LF to home
Batting: RHB Cheng-ho Bu 0-0: Ball
1-0: Ball
2-0: 2-RUN HOME RUN (Flyball, 7D, EV 93.8 MPH), Distance : 377 ft
Batting: LHB Josh Wiggins 0-0: Called Strike
0-1: Swinging Strike
0-2: Foul Ball, location: 2F
0-2: Fly out, F7 (Line Drive, 7, EV 95.0 MPH)
Top of the 1st over - 3 runs, 3 hits, 0 errors, 0 left on base; Richland 3 - Squirrel Hill 0
BOTTOM OF THE 1ST
Squirrel Hill Pierogis batting - Pitching for Richland Rails : LHP António Moreno
Pitching: LHP António Moreno
Batting: RHB Ryan McCarty 0-0: Ball
1-0: Called Strike
1-1: Foul Ball, location: 2F
1-2: Foul Ball, location: 2F
1-2: Ground out 6-3 (Groundball, 56, EV 85.6 MPH)
Batting: SHB Aubrey Magee 0-0: Ball
1-0: Called Strike
1-1: Swinging Strike
1-2: DOUBLE (Line Drive, 89D, EV 109.4 MPH)
Batting: RHB Félix Pacheco 0-0: Foul Ball, location: 2F
0-1: Ball
1-1: SINGLE (Groundball, 34D, EV 102.5 MPH)
Aubrey Magee to third
Runner from 3rd tries for Home, SAFE, throw by RF to home
Batting: RHB Franck Morel 0-0: Called Strike
0-1: Ball
1-1: Swinging Strike
Pickoff Throw by Catcher to First - Out!
1-2: Ball
2-2: Ball
3-2: Base on Balls
Batting: SHB Rodrigo Santana 0-0: Ball
1-0: Foul Ball, location: 2F
1-1: Swinging Strike
1-2: Foul Ball, location: 2F
1-2: Ball
2-2: Fly out, F6 (Popup, P, EV 77.5 MPH)
Bottom of the 1st over - 1 run, 2 hits, 0 errors, 1 left on base; Richland 3 - Squirrel Hill 1
TOP OF THE 2ND
Richland Rails batting - Pitching for Squirrel Hill Pierogis : RHP Rusty Davis
Batting: RHB Stan Jackson 0-0: Ball
1-0: Ball
2-0: Called Strike
2-1: Ball
3-1: Foul Ball, location: 2F
3-2: Foul Ball, location: 2F
3-2: Strikes out swinging, 2-3 out at first.
Batting: RHB Javier Botín 0-0: Ball
1-0: Ball
2-0: Called Strike
2-1: Foul Ball, location: 2F
2-2: Ball
3-2: Strikes out looking
Batting: RHB Steve Haley 0-0: Called Strike
0-1: Ball
1-1: Ball
2-1: Foul Ball, location: 2F
2-2: Foul Ball, location: 2F
2-2: Ball
3-2: Foul Ball, location: 2F
3-2: SINGLE (Groundball, 6D, EV 104.4 MPH)
Batting: RHB Greg Ge 0-0: Ball
1-0: Swinging Strike
1-1: Foul Ball, location: 2F
1-2: Ball
2-2: Ball
3-2: Foul Ball, location: 2F
3-2: Strikes out swinging
Top of the 2nd over - 0 runs, 1 hit, 0 errors, 1 left on base; Richland 3 - Squirrel Hill 1
BOTTOM OF THE 2ND
Squirrel Hill Pierogis batting - Pitching for Richland Rails : LHP António Moreno
Batting: LHB Todd Hunter 0-0: Called Strike
0-1: Foul Ball, location: 2F
0-2: Foul Ball, location: 2F
0-2: Ball
1-2: Strikes out swinging
Batting: RHB Cristóbal Arteaga 0-0: Foul Ball, location: 2F
0-1: Ground out 4-3 (Groundball, 4, EV 85.0 MPH)
Batting: RHB Brian Martin 0-0: Ball
1-0: Called Strike
1-1: Ball
2-1: Ball
3-1: Foul Ball, location: 2F
3-2: Base on Balls
Batting: LHB Luis Escribano 0-0: Swinging Strike
0-1: SINGLE (Line Drive, 9S, EV 101.9 MPH)
Brian Martin to second
Batting: RHB Ryan McCarty 0-0: Called Strike
0-1: Called Strike
0-2: Foul Ball, location: 2F
0-2: Ball
1-2: Ball
2-2: Foul Ball, location: 2F
2-2: Ground out 5-3 (Groundball, 56S, EV 86.2 MPH)
Bottom of the 2nd over - 0 runs, 1 hit, 0 errors, 2 left on base; Richland 3 - Squirrel Hill 1
TOP OF THE 3RD
Richland Rails batting - Pitching for Squirrel Hill Pierogis : RHP Rusty Davis
Batting: LHB Doyle Berkey 0-0: Called Strike
0-1: Ball
1-1: Swinging Strike
1-2: Ball
2-2: Ball
3-2: Ground out 1-3 (Groundball, P, EV 72.5 MPH)
Batting: RHB Kazuki Takahashi 0-0: Ball
1-0: Ball
2-0: Ground out 6-3 (Groundball, 6, EV 87.5 MPH)
Batting: LHB Ricardo Águila 0-0: Fly out, F7 (Line Drive, 7, EV 88.8 MPH)
Top of the 3rd over - 0 runs, 0 hits, 0 errors, 0 left on base; Richland 3 - Squirrel Hill 1
BOTTOM OF THE 3RD
Squirrel Hill Pierogis batting - Pitching for Richland Rails : LHP António Moreno
Batting: SHB Aubrey Magee 0-0: Fly out, F7 (Flyball, 78D, EV 88.8 MPH)
Batting: RHB Félix Pacheco 0-0: Ball
1-0: Foul Ball, location: 2F
1-1: Swinging Strike
1-2: Foul Ball, location: 2F
1-2: Foul Ball, location: 2F
1-2: Ball
2-2: Fly out, F4 (Flyball, 4MD, EV 77.5 MPH)
Batting: RHB Franck Morel 0-0: Ground out 6-3 (Groundball, 6, EV 80.0 MPH)
Bottom of the 3rd over - 0 runs, 0 hits, 0 errors, 0 left on base; Richland 3 - Squirrel Hill 1
TOP OF THE 4TH
Richland Rails batting - Pitching for Squirrel Hill Pierogis : RHP Rusty Davis
Batting: RHB Cheng-ho Bu 0-0: Foul Ball, location: 2F
0-1: SINGLE (Line Drive, 89M, EV 83.8 MPH)
Batting: LHB Josh Wiggins 0-0: Foul Ball, location: 2F
0-1: Ball
1-1: SINGLE (Flyball, 9LS, EV 91.2 MPH)
Cheng-ho Bu to second
Runner from 2nd tries for 3rd, SAFE, throw by RF made to third
Batting: RHB Stan Jackson 0-0: Ball
1-0: Foul Ball, location: 2F
1-1: Foul Ball, location: 2F
1-2: Ball
2-2: Ball
3-2: Base on Balls
Josh Wiggins to second
Batting: RHB Javier Botín 0-0: Called Strike
0-1: Ball
1-1: Fielders Choice at 2nd, 6-4 (Groundball, 6, EV 81.2 MPH)
Cheng-ho Bu scores
Josh Wiggins to third
Batting: RHB Steve Haley 0-0: Ball
1-0: Ball
2-0: Called Strike
2-1: Called Strike
2-2: Foul Ball, location: 2F
2-2: Fly out, F8 (Line Drive, 8LD, EV 91.9 MPH)
Runner from 3rd tags up, SCORES, no throw by CF
Pitching: RHP Tom Atkinson
Batting: RHB Greg Ge 0-0: Fly out, F8 (Flyball, 8LD, EV 103.8 MPH)
Top of the 4th over - 2 runs, 2 hits, 0 errors, 1 left on base; Richland 5 - Squirrel Hill 1
BOTTOM OF THE 4TH
Squirrel Hill Pierogis batting - Pitching for Richland Rails : LHP António Moreno
Batting: SHB Rodrigo Santana 0-0: Ball
1-0: Called Strike
1-1: Ball
2-1: Foul Ball, location: 2F
2-2: Foul Ball, location: 2F
2-2: Ball
3-2: Ground out 6-3 (Groundball, 6, EV 83.1 MPH)
Batting: LHB Todd Hunter 0-0: Ball
1-0: Ball
2-0: Foul Ball, location: 2F
2-1: DOUBLE (Line Drive, 8LXD, EV 98.8 MPH)
Batting: RHB Cristóbal Arteaga 0-0: Ball
1-0: Ball
2-0: DOUBLE (Flyball, 8RD, EV 93.1 MPH)
Todd Hunter scores
Batting: RHB Brian Martin 0-0: Called Strike
0-1: Fly out, F9 (Flyball, 9LMF, EV 78.8 MPH)
Batting: LHB Luis Escribano 0-0: Fly out, F8 (Flyball, 8LM, EV 88.1 MPH)
Bottom of the 4th over - 1 run, 2 hits, 0 errors, 1 left on base; Richland 5 - Squirrel Hill 2
TOP OF THE 5TH
Richland Rails batting - Pitching for Squirrel Hill Pierogis : RHP Tom Atkinson
Batting: LHB Doyle Berkey 0-0: SINGLE (Line Drive, 6D, EV 103.8 MPH)
Batting: RHB Kazuki Takahashi 0-0: Fly out, F7 (Flyball, 7S, EV 96.9 MPH)
Batting: LHB Ricardo Águila 0-0: Foul Ball, location: 2F
0-1: Ball
1-1: Ball
2-1: Foul Ball, location: 2F
2-2: Strikes out swinging
Batting: RHB Cheng-ho Bu 0-0: Ball
1-0: Foul Ball, location: 2F
1-1: SINGLE (Line Drive, 89S, EV 105.0 MPH)
Doyle Berkey to second
Batting: LHB Josh Wiggins 0-0: Ball
1-0: Ground out U3 (Groundball, 3, EV 89.4 MPH)
Top of the 5th over - 0 runs, 2 hits, 0 errors, 2 left on base; Richland 5 - Squirrel Hill 2
BOTTOM OF THE 5TH
Squirrel Hill Pierogis batting - Pitching for Richland Rails : LHP António Moreno
Batting: RHB Ryan McCarty 0-0: Called Strike
0-1: Called Strike
0-2: Ball
1-2: DOUBLE (Flyball, 78D, EV 100.0 MPH)
Batting: SHB Aubrey Magee 0-0: Bunted foul
0-1: Bunted foul
0-2: SINGLE (Line Drive, 8LS, EV 102.5 MPH)
Ryan McCarty to third
Runner from 3rd tries for Home, SAFE, throw by CF to home
Batting: RHB Félix Pacheco 0-0: Ball
1-0: Called Strike
1-1: DOUBLE (Line Drive, 9LM, EV 105.0 MPH)
Aubrey Magee to third
Runner from 3rd tries for Home, SAFE, throw by RF to trailing runner, SAFE at third!
Batting: RHB Franck Morel 0-0: Called Strike
0-1: Ball
1-1: Ground out 5-3 (Groundball, 56S, EV 63.8 MPH)
Batting: SHB Rodrigo Santana 0-0: Ball
1-0: SINGLE (Groundball, 4D, EV 105.0 MPH)
Félix Pacheco scores
Pitching: LHP Camillo Vialli
Batting: LHB Todd Hunter 0-0: Ball
1-0: Ball
2-0: Ball
3-0: Base on Balls
Rodrigo Santana to second
Batting: RHB Cristóbal Arteaga 0-0: Called Strike
0-1: Foul Ball, location: 2F
0-2: Strikes out swinging
Batting: RHB Brian Martin 0-0: Ball
1-0: Called Strike
1-1: Foul Ball, location: 2F
1-2: Ball
2-2: Foul Ball, location: 2F
2-2: Strikes out swinging
Bottom of the 5th over - 3 runs, 4 hits, 0 errors, 2 left on base; Richland 5 - Squirrel Hill 5
TOP OF THE 6TH
Richland Rails batting - Pitching for Squirrel Hill Pierogis : RHP Tom Atkinson
Batting: RHB Stan Jackson 0-0: Called Strike
0-1: Ball
1-1: Foul Ball, location: 2F
1-2: Fly out, F9 (Flyball, 9, EV 86.2 MPH)
Batting: RHB Javier Botín 0-0: Called Strike
0-1: Swinging Strike
0-2: Ball
1-2: Ball
2-2: Foul Ball, location: 2F
2-2: Ball
3-2: DOUBLE (Flyball, 8LD, EV 99.4 MPH)
Batting: RHB Steve Haley 0-0: Foul Ball, location: 2F
0-1: Swinging Strike
0-2: Ball
1-2: Strikes out swinging
Batting: RHB Greg Ge 0-0: Ball
1-0: Ground out 5-3 (Groundball, 5, EV 102.5 MPH)
Top of the 6th over - 0 runs, 1 hit, 0 errors, 1 left on base; Richland 5 - Squirrel Hill 5
BOTTOM OF THE 6TH
Squirrel Hill Pierogis batting - Pitching for Richland Rails : LHP Camillo Vialli
Batting: LHB Luis Escribano 0-0: Called Strike
0-1: Called Strike
0-2: Ball
1-2: Foul Ball, location: 2F
1-2: Strikes out swinging
Batting: RHB Ryan McCarty 0-0: Ball
1-0: Called Strike
1-1: Fly out, F8 (Flyball, 8LD, EV 97.5 MPH)
Batting: SHB Aubrey Magee 0-0: Ground out U3 (Groundball, 3, EV 83.8 MPH)
Bottom of the 6th over - 0 runs, 0 hits, 0 errors, 0 left on base; Richland 5 - Squirrel Hill 5
TOP OF THE 7TH
Richland Rails batting - Pitching for Squirrel Hill Pierogis : RHP Tom Atkinson
Batting: LHB Doyle Berkey 0-0: DOUBLE (Line Drive, 8LXD, EV 105.0 MPH)
Batting: RHB Kazuki Takahashi 0-0: Ball
1-0: Ball
2-0: SINGLE (Line Drive, 89M, EV 104.4 MPH)
Doyle Berkey to third
Batting: LHB Ricardo Águila 0-0: Foul Ball, location: 2F
0-1: Ball
Kazuki Takahashi steals 2nd base
1-1: Foul Ball, location: 2F
1-2: Ball
2-2: Foul Ball, location: 2F
2-2: Ball
3-2: DOUBLE (Line Drive, 8LXD, EV 105.0 MPH)
Doyle Berkey scores
Kazuki Takahashi scores
Pitching: RHP Artie O'Neal
Batting: RHB Cheng-ho Bu 0-0: Ball
1-0: Ground out 4-3 (Groundball, 34, EV 89.4 MPH)
Ricardo Águila to third
Batting: LHB Josh Wiggins 0-0: Called Strike
0-1: Fly out, F7 (Flyball, 7S, EV 92.5 MPH)
Runner from 3rd tags up, SCORES, throw by LF
Batting: RHB Stan Jackson 0-0: Called Strike
0-1: Foul Ball, location: 2F
0-2: Ball
1-2: Strikes out swinging
Top of the 7th over - 3 runs, 3 hits, 0 errors, 0 left on base; Richland 8 - Squirrel Hill 5
BOTTOM OF THE 7TH
Squirrel Hill Pierogis batting - Pitching for Richland Rails : LHP Camillo Vialli
Batting: RHB Félix Pacheco 0-0: Called Strike
0-1: Ground out 5-3 (Groundball, 5, EV 78.8 MPH)
Batting: RHB Franck Morel 0-0: Foul Ball, location: 2F
0-1: Foul Ball, location: 2F
0-2: Strikes out swinging
Batting: SHB Rodrigo Santana 0-0: Ball
1-0: DOUBLE (Line Drive, 9D, EV 91.9 MPH)
Batting: LHB Todd Hunter 0-0: Ball
1-0: Called Strike
1-1: Ground out U3 (Groundball, 34, EV 91.2 MPH)
Bottom of the 7th over - 0 runs, 1 hit, 0 errors, 1 left on base; Richland 8 - Squirrel Hill 5
TOP OF THE 8TH
Richland Rails batting - Pitching for Squirrel Hill Pierogis : RHP Artie O'Neal
Batting: RHB Javier Botín 0-0: Ball
1-0: Called Strike
1-1: DOUBLE (Flyball, 78D, EV 85.6 MPH)
Batting: RHB Steve Haley 0-0: Ball
1-0: Called Strike
1-1: Ball
2-1: Ball
3-1: Base on Balls
Batting: RHB Greg Ge 0-0: Bunted foul
0-1: Sac Bunt to 2L - play at third, runner OUT! 2-6
Steve Haley to second
Batting: LHB Doyle Berkey 0-0: Ball
1-0: Ball
2-0: Ball
3-0: Base on Balls
Steve Haley to third
Greg Ge to second
Batting: RHB Kazuki Takahashi 0-0: DOUBLE (Line Drive, 89D, EV 103.1 MPH)
Steve Haley scores
Greg Ge scores
Doyle Berkey to third
Runner from 3rd tries for Home, SAFE, no throw by CF
Pitching: LHP Jang-lu Moy
Batting: LHB Ricardo Águila 0-0: Called Strike
0-1: Ball
1-1: Ball
2-1: Ball
3-1: Foul Ball, location: 2F
3-2: Strikes out looking
Batting: RHB Cheng-ho Bu 0-0: Called Strike
0-1: Fly out, F9 (Flyball, 9, EV 86.2 MPH)
Top of the 8th over - 3 runs, 2 hits, 0 errors, 1 left on base; Richland 11 - Squirrel Hill 5
BOTTOM OF THE 8TH
Squirrel Hill Pierogis batting - Pitching for Richland Rails : LHP Camillo Vialli
Batting: RHB Cristóbal Arteaga 0-0: Swinging Strike
0-1: Ball
1-1: Ball
2-1: SINGLE (Groundball, 6D, EV 100.6 MPH)
Batting: RHB Brian Martin 0-0: Fly out, F8 (Line Drive, 8RD, EV 90.6 MPH)
Batting: LHB Luis Escribano 0-0: Foul Ball, location: 2F
0-1: Fly out, F6 (Popup, 6MS, EV 82.5 MPH)
Batting: RHB Ryan McCarty 0-0: Ball
1-0: Called Strike
1-1: Ball
2-1: Called Strike
2-2: Foul Ball, location: 2F
2-2: Reached on error, E4 (Line Drive, 4, EV 68.8 MPH)
Cristóbal Arteaga to second
Batting: SHB Aubrey Magee 0-0: Ball
1-0: Ball
2-0: Ball
3-0: Base on Balls
Cristóbal Arteaga to third
Ryan McCarty to second
Batting: RHB Félix Pacheco 0-0: Fly out, F8 (Flyball, 8RM, EV 91.2 MPH)
Bottom of the 8th over - 0 runs, 1 hit, 1 error, 3 left on base; Richland 11 - Squirrel Hill 5
TOP OF THE 9TH
Richland Rails batting - Pitching for Squirrel Hill Pierogis : LHP Jang-lu Moy
Batting: LHB Josh Wiggins 0-0: Foul Ball, location: 2F
0-1: Ball
1-1: Foul Ball, location: 2F
1-2: Ball
2-2: SINGLE (Groundball, 56D, EV 109.4 MPH)
Batting: RHB Stan Jackson 0-0: Ground out 4-3 (Groundball, 3D, EV 82.5 MPH)
Josh Wiggins to second
Batting: RHB Javier Botín 0-0: Called Strike
0-1: Swinging Strike
0-2: Foul Ball, location: 2F
0-2: Ball
1-2: SINGLE (Groundball, 6MD, EV 108.8 MPH)
Josh Wiggins to third
Runner from 3rd tries for Home, SAFE, no throw by CF
Pinch Hitting: RHB Bill Wolf 0-0: Called Strike
0-1: Ball
1-1: Ball
2-1: Ball
3-1: Fly out, F7 (Flyball, 7D, EV 91.2 MPH)
Pinch Hitting: RHB Wei-hong Won 0-0: Called Strike
0-1: Ball
1-1: Ball
2-1: Ground out 6-3 (Groundball, 6S, EV 86.2 MPH)
Top of the 9th over - 1 run, 2 hits, 0 errors, 1 left on base; Richland 12 - Squirrel Hill 5
BOTTOM OF THE 9TH
Squirrel Hill Pierogis batting - Pitching for Richland Rails : LHP Camillo Vialli
Now at C: Bill Wolf
Now in LF: Bobby McGrady
Batting: RHB Franck Morel 0-0: Called Strike
0-1: Fly out, F7 (Flyball, 78M, EV 92.5 MPH)
Batting: SHB Rodrigo Santana 0-0: Ball
1-0: Ground out 5-3 (Groundball, 56, EV 102.5 MPH)
Batting: LHB Todd Hunter 0-0: Swinging Strike
0-1: Ball
1-1: Ball
2-1: Ball
3-1: Called Strike
3-2: Strikes out looking
Bottom of the 9th over - 0 runs, 0 hits, 0 errors, 0 left on base; Richland 12 - Squirrel Hill 5
Friday, March 26th, 2021 - OOTP Baseball 20.8 Build 74